 Dungeon Crawl Stone Soup version 0.28.0-45-g0d030f2227 (webtiles) character file.

Game seed: 14463331470024121231

353 NinjaNoafa the Changer (level 6, -8/44 (51) HPs)
             Began as a Draconian Transmuter on Apr 7, 2022.
             Was a Follower of Qazlal.
             Mangled by a wight
             ... wielding a +0 dire flail
              (12 damage)
             ... on level 4 of the Dungeon.
             The game lasted 00:06:52 (3349 turns).

NinjaNoafa the Changer (Draconian Transmuter)       Turns: 3349, Time: 00:06:53

HP:   -8/44 (51)    AC:  6    Str: 10 (13) XL:     6   Next: 35%
MP:   10/10         EV: 12    Int: 14 (15) God:    Qazlal [*.....]
Gold: 87            SH:  1    Dex: 11 (13) Spells: 10/11 levels left

rFire   + . .      SeeInvis .   i - +7 war axe "Widora" {drain, rElec rF+ Dex+2}
rCold   . . .      Faith    .   (no shield)
rNeg    . . .      Spirit   .   (armour unavailable)
rPois   .          Reflect  .   (helmet currently unavailable)
rElec   +          Harm     .   (no cloak)
rCorr   .          Rampage  .   (no gloves)
Will    .....                   (boots currently unavailable)
Stlth   +.........              (no amulet)
HPRegen 0.14/turn               s - ring of wizardry
MPRegen 0.12/turn               (no ring)

@: appendages (expiring), heavily drained
A: horns 2, talons 2, AC +6, unfitting armour, cold-blooded
a: End Transformation, Renounce Religion


You were on level 4 of the Dungeon.
You worshipped Qazlal.
Qazlal was aware of your devotion.
You had temporarily grown beastly horns and talons.
You visited 1 branch of the dungeon, and saw 4 of its levels.

You collected 87 gold pieces.

Inventory:

Hand Weapons
 d - a +2 quarterstaff of chaos
 e - a +1 dagger of holy wrath
 g - a +1 dire flail
 i - the +7 war axe "Widora" (weapon) {drain, rElec rF+ Dex+2}
   (You found it on level 3 of the Dungeon)

   A truly terrible weapon, it drains the life of any living foe it strikes.
   Dex:       It affects your dexterity (+2).
   rF:        It protects you from fire.
   rElec:     It insulates you from electricity.
 p - a +2 whip of flaming
Missiles
 b - 151 stones (quivered)
Armour
 r - a +2 cloak of willpower
Jewellery
 s - a ring of wizardry (left hand)
Scrolls
 a - a scroll of noise
 l - a scroll of fog {unknown}
 n - a scroll of blinking {unknown}
 o - a scroll of identify {unknown}


   Skills:
 + Level 3.1 Fighting
 * Level 2.7 Axes
 + Level 2.8 Dodging
 - Level 3.2 Unarmed Combat
 + Level 3.1 Spellcasting
 + Level 3.4 Transmutations
 + Level 1.0 Poison Magic


You had 10 spell levels left.
You knew the following spells:

 Your Spells              Type           Power      Damage    Failure   Level
a - Beastly Appendage     Tmut           22%        N/A       2%          1

Your spell library contained the following spells:

 Spells                   Type           Power      Damage    Failure   Level
 Wereblood                Tmut           11%        N/A       3%          2
 Spider Form              Tmut/Pois      8%         N/A       11%         3
 Ice Form                 Ice/Tmut       6%         N/A       38%         4
 Olgreb's Toxic Radiance  Pois           5%         N/A       45%         4
 Ozocubu's Refrigeration  Ice            1%         4d5       100%        7
 Ignition                 Fire           1%         3d3       100%        8


Dungeon Overview and Level Annotations

Branches:
Dungeon (4/15)
 Temple: D:4-7

Altars:
Qazlal

Annotations:
D:4 Edmund


Innate Abilities, Weirdness & Mutations

You have temporarily grown beastly horns and talons.
Your plain brown scales are hard. (AC +6)
You cannot fit into any form of body armour.
You are cold-blooded and may be slowed by cold attacks.


Message History

Casting: Beastly Appendage (safe; 1% risk of failure)
Confirm with . or Enter, or press ? or * to list all spells.
You grow a pair of large bovine horns.
Your feet morph into talons.
The wight misses you.
A dart slug comes into view.
The wight hits you from afar with a +2 trident.
You feel drained.
You hit the wight.
The wight is moderately damaged.
The wight hits you with a +5 flail! The wight hits you but does no damage.
The wight misses you.
It was a potion of degeneration.
There was something very wrong with that liquid.
You feel weakened.
You feel dopey.
You feel clumsy. The wight barely misses you.
The wight hits you from afar with a +2 trident.
The wight hits you with a +0 dire flail!
You feel drained.
As you read the scroll labelled VIAKHL VIPLUMUM, it crumbles to dust.
You assume a fearsome visage.
The dart slug looks frightened!
The adder looks frightened!
The wight is unaffected. x4
It was a scroll of fear.
The wight hits you with a +5 flail!
* * * LOW HITPOINT WARNING * * *
You feel drained.
* * * LOW HITPOINT WARNING * * *
The wight barely misses you. The wight closely misses you.
As you read the scroll labelled MUBITWAREV, it crumbles to dust.
It is a scroll of amnesia.
Really abort (and waste the scroll)?
Okay, then.
The wight closely misses you.
The wight hits you from afar with a +2 trident.
* * * LOW HITPOINT WARNING * * *
You feel drained.
* * * LOW HITPOINT WARNING * * *
The wight hits you with a +0 dire flail.
* * * LOW HITPOINT WARNING * * *
Your transformation is almost over.
The wight hits you with a +0 dire flail!
You die...

#........(...#.. .... ...
###.##...#'###.#.# ###.. ..
.........#.###.#.# .... .
###.#..#.#.....#.# #.######
....#..#.#)#####.# #.#####.K[z†zz
...##..#.#.....).###.......#####.
........########.#.#.#.#.#.# #.
..................>......z.......
##..#.#.########@#.#.#.#.#.#.#.#.
.........#### #.zzz..............
......#..^.....#.#.#.#.#.#.#.#.#.
......#..######..z.......w... ..#
.........# ##.#.#:#.#.#.# ##
#..####..# #......... ...
.......... ##.#.#.#.# #####.....
#.......... .........
##.#.#.#.#.#


You could see 4 wights.

Vanquished Creatures
  An ogre (D:4)
  A wight (D:4)
  Crazy Yiuf (D:3)
  An iguana (D:4)
  Natasha (thrice) (D:3)
  4 adders
  An adder skeleton (D:4)
  2 dart slugs (D:3)
  An orc (D:3)
  7 bats
  6 endoplasms
  2 giant cockroaches (D:4)
  9 goblins
  4 hobgoblins
  9 kobolds
  A quokka (D:1)
  3 ball pythons
  A frilled lizard (D:1)
  6 rats
63 creatures vanquished.

Notes
Turn   | Place    | Note
-------+----------+-------------------------------------------
     0 | D:1      | NinjaNoafa the Draconian Transmuter began the quest for the
                  | Orb.
     0 | D:1      | Reached XP level 1. HP: 16/16 MP: 3/3
   261 | D:1      | Reached XP level 2. HP: 22/23 MP: 3/5
   920 | D:2      | Found a stormy altar of Qazlal.
   925 | D:2      | Reached XP level 3. HP: 29/29 MP: 6/6
   932 | D:2      | Became a worshipper of Qazlal Stormbringer
  1019 | D:2      | Found a faded altar of an unknown god.
  1736 | D:3      | Identified the +7 war axe "Widora" {drain, rElec rF+ Dex+2}
  2224 | D:3      | Reached XP level 4. HP: 36/36 MP: 7/7
  2312 | D:3      | Noticed Natasha
  2317 | D:3      | Killed Natasha
  2318 | D:3      | Reached skill level 1 in Axes
  2521 | D:3      | Noticed Natasha
  2529 | D:3      | Killed Natasha
  2555 | D:3      | Noticed Natasha
  2560 | D:3      | Killed Natasha
  2561 | D:3      | Reached XP level 5. HP: 42/42 MP: 9/9
  2702 | D:3      | Found a runed translucent door.
  2703 | D:3      | Noticed Crazy Yiuf
  2709 | D:3      | Killed Crazy Yiuf
  2987 | D:4      | Reached * piety under Qazlal
  2990 | D:4      | Noticed an ogre
  2998 | D:4      | Killed an ogre
  2999 | D:4      | Reached XP level 6. HP: 41/51 MP: 8/10
  3020 | D:4      | Noticed Edmund
  3260 | D:4      | Reached skill level 1 in Poison Magic
  3349 | D:4      | Mangled by a wight

Illustrated notes

Levels and vault maps discovered:
D:1:      eino_arrival_cavern_a, layout_rooms
D:2:      layout_basic, dreamdust_ecumenical_altar_hidden_monk_grotto,
          basic_altar
D:3:      layout_basic, uniq_crazy_yiuf_cottage, uniq_natasha
D:4:      layout_basic, nicolae_specific_store, st_stairs_11, uniq_edmund

Skill      XL: |  1  2  3  4  5  6 |
---------------+-------------------+-----
Dodging        | 2 |  2.8
Fighting       | 2 3 |  3.1
Axes           | 1 2 |  2.7
Transmutations | 3 |  3.4
Spellcasting   | 3 |  3.1
Poison Magic   | 1 |  1.0
Unarmed Combat | |  3.2

Action                   |  1- 3 |  4- 6 || total
-------------------------+-------+-------++-------
Melee: Unarmed           |    48 |       ||    48
       Headbutt          |     5 |     1 ||     6
       Tailslap          |     7 |     2 ||     9
       Kick              |     5 |     3 ||     8
       Dagger            |    74 |       ||    74
       Punch             |     3 |     2 ||     5
       War axe           |     9 |    48 ||    57
 Cast: Beastly Appendage |     8 |     2 ||    10
  Use: Potion            |       |     5 ||     5
       Scroll            |       |     5 ||     5
 Stab: Sleeping          |     2 |       ||     2
Armor: Skin              |    44 |    17 ||    61
Dodge: Dodged            |    96 |    33 ||   129
